| TOP OF THE 1ST |
|
Roswell Invaders batting - Pitching for Houston Colt .45's : LHP Jorge Ortiz
|
|
Pitching: LHP Jorge Ortiz
|
|
|
Batting: LHB Jalen Williams
|
0-0: Swinging Strike 0-1: Swinging Strike 0-2: Ball 1-2: Ball 2-2: Ball 3-2: Strikes out swinging
|
|
Batting: RHB Carlos Gonzalez
|
0-0: Fly out, F8 (Flyball, 8LD, EV 98.1 MPH)
|
|
Batting: LHB Ivan Cortez
|
0-0: Ball 1-0: SOLO HOME RUN (Flyball, 89XD, EV 103.8 MPH), Distance : 407 ft
|
|
Batting: LHB Angelo Lira
|
0-0: Called Strike 0-1: Swinging Strike 0-2: Ball 1-2: Ball 2-2: Foul Ball, location: 2F 2-2: Strikes out swinging
|
| Top of the 1st over - 1 run, 1 hit, 0 errors, 0 left on base; Roswell 1 - Houston 0 |
| BOTTOM OF THE 1ST |
|
Houston Colt .45's batting - Pitching for Roswell Invaders : RHP Xavier Reed
|
|
Pitching: RHP Xavier Reed
|
|
|
Batting: RHB Jarno van Lente
|
0-0: Ball 1-0: Ball 2-0: Ball 3-0: Called Strike 3-1: SINGLE (Groundball, 5D, EV 107.5 MPH)
|
|
Batting: RHB Jamie Walker
|
0-0: Ball 1-0: Foul Ball, location: 2F 1-1: Called Strike 1-2: Strikes out swinging
|
|
Batting: RHB Patrick Pinault
|
0-0: Called Strike Pickoff Throw to First - Out! 1-3 0-1: Ball 1-1: DOUBLE (Line Drive, 78M, EV 96.9 MPH)
|
|
Batting: RHB Arnold Schuler
|
0-0: Ball 1-0: Foul Ball, location: 2F 1-1: Swinging Strike 1-2: Fly out, F9 (Line Drive, 9, EV 100.6 MPH)
|
| Bottom of the 1st over - 0 runs, 2 hits, 0 errors, 1 left on base; Roswell 1 - Houston 0 |
| TOP OF THE 2ND |
|
Roswell Invaders batting - Pitching for Houston Colt .45's : LHP Jorge Ortiz
|
|
Batting: LHB Julio Zamora
|
0-0: Fly out, F2 (Popup, 23F, EV 90.6 MPH)
|
|
Batting: RHB Jason Hanson
|
0-0: Ball 1-0: Foul Ball, location: 2F 1-1: Swinging Strike 1-2: Foul Ball, location: 2F 1-2: Ball 2-2: Ball 3-2: Foul Ball, location: 2F 3-2: Strikes out swinging
|
|
Batting: LHB Adam Spence
|
0-0: Swinging Strike 0-1: Called Strike 0-2: Hit by Pitch
|
|
Batting: RHB Shinichi Miyamoto
|
0-0: Called Strike 0-1: Called Strike 0-2: Foul Ball, location: 2F 0-2: Ball Passed Ball! Adam Spence to second 1-2: Strikes out looking
|
| Top of the 2nd over - 0 runs, 0 hits, 0 errors, 1 left on base; Roswell 1 - Houston 0 |
| BOTTOM OF THE 2ND |
|
Houston Colt .45's batting - Pitching for Roswell Invaders : RHP Xavier Reed
|
|
Batting: RHB Josh Reisner
|
0-0: Ball 1-0: Foul Ball, location: 2F 1-1: Ball 2-1: Foul Ball, location: 2F 2-2: Ball 3-2: Foul Ball, location: 2F 3-2: SINGLE (Line Drive, 4D, EV 106.2 MPH)
|
|
Batting: RHB Jesus Diego
|
0-0: Ball 1-0: Called Strike 1-1: Foul Ball, location: 2F 1-2: Strikes out swinging
|
|
Batting: RHB Leo Lopez
|
0-0: Ball 1-0: Called Strike 1-1: Ball 2-1: Called Strike 2-2: Ball 3-2: Strikes out swinging
|
|
Batting: LHB Ryan Fridley
|
0-0: Ball 1-0: Ball 2-0: Called Strike 2-1: Fielders Choice at 2nd, U4 (Groundball, 4M, EV 79.4 MPH)
|
| Bottom of the 2nd over - 0 runs, 1 hit, 0 errors, 1 left on base; Roswell 1 - Houston 0 |
| TOP OF THE 3RD |
|
Roswell Invaders batting - Pitching for Houston Colt .45's : LHP Jorge Ortiz
|
|
Batting: SHB Sandy Burke
|
0-0: Called Strike 0-1: Ball 1-1: Called Strike 1-2: Ball 2-2: Ball 3-2: Strikes out swinging
|
|
Batting: LHB Jalen Williams
|
0-0: Fly out, F8 (Flyball, 8LD, EV 92.5 MPH)
|
|
Batting: RHB Carlos Gonzalez
|
0-0: Ball 1-0: Foul Ball, location: 2F 1-1: Swinging Strike 1-2: Foul Ball, location: 2F 1-2: Ball 2-2: Strikes out looking
|
| Top of the 3rd over - 0 runs, 0 hits, 0 errors, 0 left on base; Roswell 1 - Houston 0 |
| BOTTOM OF THE 3RD |
|
Houston Colt .45's batting - Pitching for Roswell Invaders : RHP Xavier Reed
|
|
Batting: LHB Casper Significant
|
0-0: Called Strike 0-1: Fly out, F7 (Flyball, 7, EV 87.5 MPH)
|
|
Batting: RHB Jarno van Lente
|
0-0: Foul Ball, location: 2F 0-1: Called Strike 0-2: Ball 1-2: Ball 2-2: Foul Ball, location: 2F 2-2: Foul Ball, location: 2F 2-2: Ball 3-2: Base on Balls
|
|
Batting: RHB Jamie Walker
|
0-0: Ball 1-0: Ball Jarno van Lente steals 2nd base 2-0: DOUBLE (Line Drive, 89D, EV 108.8 MPH) Jarno van Lente scores
|
|
Pinch Runner at 2nd Guadalupe Gonzalez:
|
|
|
Batting: RHB Patrick Pinault
|
0-0: Ball 1-0: Fly out, F9 (Flyball, 89M, EV 94.4 MPH)
|
|
Batting: RHB Arnold Schuler
|
0-0: Called Strike 0-1: Ball 1-1: Fly out, F7 (Flyball, 7, EV 92.5 MPH)
|
| Bottom of the 3rd over - 1 run, 1 hit, 0 errors, 1 left on base; Roswell 1 - Houston 1 |
| TOP OF THE 4TH |
|
Roswell Invaders batting - Pitching for Houston Colt .45's : LHP Jorge Ortiz
|
|
Now in LF: Ryan Fridley
|
|
|
Now in CF: Guadalupe Gonzalez
|
|
|
Batting: LHB Ivan Cortez
|
0-0: Swinging Strike 0-1: Ball 1-1: Ball 2-1: Foul Ball, location: 2F 2-2: Strikes out swinging
|
|
Batting: LHB Angelo Lira
|
0-0: Ball 1-0: Called Strike 1-1: Called Strike 1-2: Fly out, F4 (Line Drive, 4M, EV 74.4 MPH)
|
|
Batting: LHB Julio Zamora
|
0-0: Ball 1-0: Called Strike 1-1: Called Strike 1-2: Strikes out swinging
|
| Top of the 4th over - 0 runs, 0 hits, 0 errors, 0 left on base; Roswell 1 - Houston 1 |
| BOTTOM OF THE 4TH |
|
Houston Colt .45's batting - Pitching for Roswell Invaders : RHP Xavier Reed
|
|
Batting: RHB Josh Reisner
|
0-0: Foul Ball, location: 2F 0-1: Called Strike 0-2: Foul Ball, location: 2F 0-2: Strikes out looking
|
|
Batting: RHB Jesus Diego
|
0-0: Ball 1-0: Foul Ball, location: 2F 1-1: Called Strike 1-2: Ground out 6-3 (Groundball, 6M, EV 80.6 MPH)
|
|
Batting: RHB Leo Lopez
|
0-0: Ball 1-0: Called Strike 1-1: Called Strike 1-2: Ground out 4-3 (Groundball, 34, EV 111.2 MPH)
|
| Bottom of the 4th over - 0 runs, 0 hits, 0 errors, 0 left on base; Roswell 1 - Houston 1 |
| TOP OF THE 5TH |
|
Roswell Invaders batting - Pitching for Houston Colt .45's : LHP Jorge Ortiz
|
|
Batting: RHB Jason Hanson
|
0-0: Fly out, F8 (Flyball, 8RD, EV 90.6 MPH)
|
|
Batting: LHB Adam Spence
|
0-0: Called Strike 0-1: Ball 1-1: Foul Ball, location: 2F 1-2: Ball 2-2: Strikes out swinging
|
|
Batting: RHB Shinichi Miyamoto
|
0-0: Ball 1-0: Ball 2-0: Foul Ball, location: 2F 2-1: Ground out 5-3 (Groundball, 5S, EV 93.1 MPH)
|
| Top of the 5th over - 0 runs, 0 hits, 0 errors, 0 left on base; Roswell 1 - Houston 1 |
| BOTTOM OF THE 5TH |
|
Houston Colt .45's batting - Pitching for Roswell Invaders : RHP Xavier Reed
|
|
Batting: LHB Ryan Fridley
|
0-0: Foul Ball, location: 2F 0-1: Ground out 6-3 (Groundball, 6, EV 78.1 MPH)
|
|
Batting: LHB Casper Significant
|
0-0: Fly out, F7 (Line Drive, 7, EV 90.6 MPH)
|
|
Batting: RHB Jarno van Lente
|
0-0: Called Strike 0-1: Ball 1-1: Foul Ball, location: 2F 1-2: Strikes out swinging
|
| Bottom of the 5th over - 0 runs, 0 hits, 0 errors, 0 left on base; Roswell 1 - Houston 1 |
| TOP OF THE 6TH |
|
Roswell Invaders batting - Pitching for Houston Colt .45's : LHP Jorge Ortiz
|
|
Batting: SHB Sandy Burke
|
0-0: Ball 1-0: Swinging Strike 1-1: Foul Ball, location: 2F 1-2: Ball 2-2: Ball 3-2: Strikes out swinging
|
|
Batting: LHB Jalen Williams
|
0-0: Ball 1-0: Foul Ball, location: 2F 1-1: Ball 2-1: Foul Ball, location: 2F 2-2: Strikes out looking
|
|
Batting: RHB Carlos Gonzalez
|
0-0: Fly out, F9 (Flyball, 89D, EV 98.1 MPH)
|
| Top of the 6th over - 0 runs, 0 hits, 0 errors, 0 left on base; Roswell 1 - Houston 1 |
| BOTTOM OF THE 6TH |
|
Houston Colt .45's batting - Pitching for Roswell Invaders : RHP Xavier Reed
|
|
Batting: LHB Guadalupe Gonzalez
|
0-0: Ball 1-0: Ball 2-0: Fly out, F8 (Flyball, 8LD, EV 89.4 MPH)
|
|
Batting: RHB Patrick Pinault
|
0-0: Foul Ball, location: 2F 0-1: Ball 1-1: Foul Ball, location: 2F 1-2: Fly out, F5 (Popup, 56S, EV 76.2 MPH)
|
|
Batting: RHB Arnold Schuler
|
0-0: Ball 1-0: Ball 2-0: Fly out, F9 (Flyball, 89M, EV 95.0 MPH)
|
| Bottom of the 6th over - 0 runs, 0 hits, 0 errors, 0 left on base; Roswell 1 - Houston 1 |
| TOP OF THE 7TH |
|
Roswell Invaders batting - Pitching for Houston Colt .45's : LHP Jorge Ortiz
|
|
Batting: LHB Ivan Cortez
|
0-0: Called Strike 0-1: Foul Ball, location: 2F 0-2: Ground out U3 (Groundball, 3L, EV 83.8 MPH)
|
|
Batting: LHB Angelo Lira
|
0-0: Called Strike 0-1: DOUBLE (Line Drive, 5D, EV 96.9 MPH)
|
|
Pitching: RHP Ernie Bell
|
|
|
Batting: LHB Julio Zamora
|
0-0: Called Strike Angelo Lira steals 3rd base 0-1: Foul Ball, location: 2F 0-2: Foul Ball, location: 2F 0-2: Strikes out swinging
|
|
Pinch Hitting: RHB Drew Sigona
|
0-0: Foul Ball, location: 2F 0-1: Ball Wild Pitch! Angelo Lira scores 1-1: Ball 2-1: Swinging Strike 2-2: Strikes out swinging
|
| Top of the 7th over - 1 run, 1 hit, 0 errors, 0 left on base; Roswell 2 - Houston 1 |
| BOTTOM OF THE 7TH |
|
Houston Colt .45's batting - Pitching for Roswell Invaders : RHP Xavier Reed
|
|
Now at 1B: Shing Mah
|
|
|
Batting: RHB Josh Reisner
|
0-0: Called Strike 0-1: Foul Ball, location: 2F 0-2: SINGLE (Groundball, 6MD, EV 101.9 MPH)
|
|
Batting: RHB Jesus Diego
|
0-0: Sac Bunt to 25 - play at second, runner OUT! 5-6
|
|
Batting: RHB Leo Lopez
|
0-0: Called Strike 0-1: Fly out, F4 (Popup, 4S, EV 80.6 MPH)
|
|
Batting: LHB Ryan Fridley
|
0-0: Ball 1-0: Ball 2-0: Fly out, F7 (Flyball, 78S, EV 84.4 MPH)
|
| Bottom of the 7th over - 0 runs, 1 hit, 0 errors, 1 left on base; Roswell 2 - Houston 1 |
| TOP OF THE 8TH |
|
Roswell Invaders batting - Pitching for Houston Colt .45's : RHP Ernie Bell
|
|
Batting: LHB Adam Spence
|
0-0: Ball 1-0: Ball 2-0: Ball 3-0: Called Strike 3-1: Foul Ball, location: 2F 3-2: Strikes out swinging
|
|
Batting: RHB Shinichi Miyamoto
|
0-0: Swinging Strike 0-1: Foul Ball, location: 2F 0-2: Ball 1-2: Fly out, F9 (Flyball, 9, EV 94.4 MPH)
|
|
Batting: SHB Sandy Burke
|
0-0: Swinging Strike 0-1: Ball 1-1: Swinging Strike 1-2: Strikes out swinging
|
| Top of the 8th over - 0 runs, 0 hits, 0 errors, 0 left on base; Roswell 2 - Houston 1 |
| BOTTOM OF THE 8TH |
|
Houston Colt .45's batting - Pitching for Roswell Invaders : RHP Xavier Reed
|
|
Batting: LHB Casper Significant
|
0-0: Called Strike 0-1: Swinging Strike 0-2: Ball 1-2: Strikes out swinging
|
|
Batting: RHB Jarno van Lente
|
0-0: Foul Ball, location: 2F 0-1: Ball 1-1: Ball 2-1: Ball 3-1: Base on Balls
|
|
Batting: LHB Guadalupe Gonzalez
|
0-0: Called Strike 0-1: Ball 1-1: Ball 2-1: Ball 3-1: SINGLE (Line Drive, 34D, EV 100.0 MPH) Jarno van Lente to second Runner from 2nd tries for 3rd, SAFE, throw by RF made to third
|
|
Pitching: LHP Sam Davis
|
|
|
Batting: RHB Patrick Pinault
|
0-0: Called Strike 0-1: Fielders Choice at 2nd, 6-4 (Groundball, 6, EV 88.8 MPH) Jarno van Lente scores
|
|
Batting: RHB Arnold Schuler
|
0-0: Ball Patrick Pinault is caught stealing 2nd base 2-4
|
| Bottom of the 8th over - 1 run, 1 hit, 0 errors, 0 left on base; Roswell 2 - Houston 2 |
| TOP OF THE 9TH |
|
Roswell Invaders batting - Pitching for Houston Colt .45's : RHP Ernie Bell
|
|
Batting: LHB Falco van Koeveringe
|
0-0: Ball 1-0: Fly out, F8 (Flyball, 8LD, EV 96.2 MPH)
|
|
Batting: RHB Carlos Gonzalez
|
0-0: Ball 1-0: Called Strike 1-1: Foul Ball, location: 2F 1-2: Foul Ball, location: 2F 1-2: Ball 2-2: Ball 3-2: Foul Ball, location: 2F 3-2: Strikes out swinging
|
|
Batting: LHB Ivan Cortez
|
0-0: Ball 1-0: Swinging Strike 1-1: Called Strike 1-2: SINGLE (Flyball, 5D, EV 86.9 MPH)
|
|
Pitching: LHP Manny Gonzales
|
|
|
Pinch Hitting: RHB Homer Petropoulos
|
0-0: Swinging Strike 0-1: Ball 1-1: Fielders Choice at 2nd, 6-4 (Groundball, 6, EV 82.5 MPH)
|
| Top of the 9th over - 0 runs, 1 hit, 0 errors, 1 left on base; Roswell 2 - Houston 2 |
| BOTTOM OF THE 9TH |
|
Houston Colt .45's batting - Pitching for Roswell Invaders : LHP Sam Davis
|
|
Now at SS: Benjie Alejandro
|
|
|
Batting: RHB Arnold Schuler
|
0-0: Fly out, F9 (Flyball, 9D, EV 95.6 MPH)
|
|
Batting: RHB Josh Reisner
|
0-0: Fly out, F9 (Flyball, 89M, EV 85.6 MPH)
|
|
Batting: RHB Jesus Diego
|
0-0: Swinging Strike 0-1: Foul Ball, location: 2F 0-2: Foul Ball, location: 2F 0-2: Ball 1-2: Strikes out swinging
|
| Bottom of the 9th over - 0 runs, 0 hits, 0 errors, 0 left on base; Roswell 2 - Houston 2 |
| TOP OF THE 10TH |
|
Roswell Invaders batting - Pitching for Houston Colt .45's : LHP Manny Gonzales
|
|
Pinch Hitting: RHB Hidemitsu Matsuno
|
0-0: Swinging Strike 0-1: Ball 1-1: Foul Ball, location: 2F 1-2: Ball 2-2: Foul Ball, location: 2F 2-2: Strikes out swinging
|
|
Batting: RHB Shing Mah
|
0-0: Swinging Strike 0-1: Called Strike 0-2: Ball 1-2: Ball 2-2: SOLO HOME RUN (Line Drive, 78XD, EV 113.1 MPH), Distance : 432 ft
|
|
Batting: LHB Adam Spence
|
0-0: Ball 1-0: Ball 2-0: Ball 3-0: Called Strike 3-1: Foul Ball, location: 2F 3-2: Strikes out looking
|
|
Pinch Hitting: RHB Ray Bieber
|
0-0: Ball 1-0: Called Strike 1-1: Foul Ball, location: 2F 1-2: Ball 2-2: Strikes out looking
|
| Top of the 10th over - 1 run, 1 hit, 0 errors, 0 left on base; Roswell 3 - Houston 2 |
| BOTTOM OF THE 10TH |
|
Houston Colt .45's batting - Pitching for Roswell Invaders : LHP Sam Davis
|
|
Now at C: Shing Mah
|
|
|
Now at 1B: Hidemitsu Matsuno
|
|
|
Now in RF: Matt Tanner
|
|
|
Batting: RHB Leo Lopez
|
0-0: Called Strike 0-1: Foul Ball, location: 2F 0-2: Ball 1-2: Strikes out swinging
|
|
Batting: LHB Ryan Fridley
|
0-0: Ball 1-0: Called Strike 1-1: Ball 2-1: Called Strike 2-2: Foul Ball, location: 2F 2-2: Foul Ball, location: 2F 2-2: Ball 3-2: Foul Ball, location: 2F 3-2: Strikes out swinging
|
|
Pinch Hitting: LHB Bob Neale
|
0-0: Swinging Strike 0-1: Called Strike 0-2: Ball 1-2: Ball 2-2: Ball 3-2: Strikes out swinging
|
| Bottom of the 10th over - 0 runs, 0 hits, 0 errors, 0 left on base; Roswell 3 - Houston 2 |
|